 Dungeon Crawl Stone Soup version 0.31-a0-37-g98a128e1d9 (webtiles) character file.

Game seed: 7912515079305272213

480 dracfodder the Digger (level 6, -3/47 HPs)
             Began as a Demigod Earth Elementalist on May 15, 2023.
             Slain by a wraith (12 damage)
             ... in an ossuary.
             The game lasted 00:16:05 (3962 turns).

dracfodder the Digger (Demigod Earth Elementalist)  Turns: 3962, Time: 00:16:06

Health: -3/47      AC:  5    Str:  9    XL:     6   Next: 55%
Magic:  1/15       EV: 12    Int: 25    God:
Gold:   257        SH:  0    Dex: 14    Spells: 3/13 levels left

rFire   . . .        a - +0 sling
rCold   . . .        (no shield)
rNeg    . . .        c - +0 robe
rPois   .            (no helmet)
rElec   .            (no cloak)
rCorr   .            i - +1 pair of gloves
SInv    .            m - +0 pair of boots
Will    .....        (no amulet)
Stlth   ++           (no ring)
HPRegen 0.27/turn    (no ring)
MPRegen 0.14/turn

%: no passive effects
@: slowed, very slow
A: high MP 1, forlorn, divine attributes
a: no special abilities


You were in an ossuary.
You visited 1 branch of the dungeon, and saw 4 of its levels.
You also visited: Ossuary.

You collected 257 gold pieces.

Inventory:

Hand Weapons
 a - a +0 sling (weapon)
 d - a +0 dagger
Armour
 c - a +0 robe (worn)
 i - a +1 pair of gloves (worn)
 m - a +0 pair of boots (worn)
Wands
 f - a wand of paralysis (15)
Scrolls
 g - 2 scrolls of immolation
 l - 2 scrolls of teleportation
 p - a scroll of identify
Potions
 b - a potion of magic
 e - 2 potions of flight {unknown}
 h - a potion of lignification {unknown}
 j - a potion of heal wounds
 k - a potion of curing
 n - a potion of attraction {unknown}
 o - 2 potions of brilliance {unknown}


   Skills:
 + Level 1.2 Fighting
 + Level 2.6 Ranged Weapons
 + Level 1.8 Dodging
 + Level 2.3 Stealth
 + Level 4.0 Spellcasting
 + Level 0.9 Transmutations
 + Level 0.8 Fire Magic
 + Level 4.3 Earth Magic


You had 3 spell levels left.
You knew the following spells:

 Your Spells              Type           Power      Damage    Failure   Level
a - Sandblast             Erth           52%        2d12      1%          1
b - Scorch                Fire           18%        2d6       10%         2
c - Stone Arrow           Conj/Erth      32%        3d9       11%         3
d - Petrify               Tmut/Erth      18%        N/A       30%         4

Your spell library contained the following spells:

 Spells                   Type           Power      Damage    Failure   Level
 Passwall                 Tmut/Erth      15%        N/A       4%          2
 Ozocubu's Armour         Ice            5%         N/A       26%         3
 Flame Wave               Conj/Fire      7%         2d5       58%         4
 Conjure Ball Lightning   Conj/Air       2%         3x3d6     100%        6
 Summon Cactus Giant      Summ           2%         N/A       100%        6
 Ozocubu's Refrigeration  Ice            2%         4d8       100%        7
 Discord                  Hex            2%         N/A       100%        8
 Disjunction              Tloc           2%         N/A       100%        8


Dungeon Overview and Level Annotations

Branches:
Dungeon (4/15)            Ossuary (1/1)
 Temple: D:4-7

Shops:
D:2 *


Innate Abilities, Weirdness & Mutations

You have an increased reservoir of magic. (+10% MP)
You shall have no god before yourself.
Your divine heritage dramatically boosts your attributes as you level up.


Message History

Aim: a wraith (lightly damaged, 83% to hit)
The blast of sand hits the wraith but does no damage.
The wraith is lightly damaged.
The wraith hits you! The wraith drains your vigour!
You feel as though you will be slow longer.
The wraith barely misses you.
Aiming: Sandblast (safe; 1% risk of failure)
Press: ? - help, Q - select action, (/) - cycle Shift-Dir - straight line, f/p - wraith
Aim: a wraith (lightly damaged, 83% to hit)
The blast of sand hits the wraith but does no damage.
The wraith is lightly damaged.
The wraith hits you! The wraith hits you. The wraith drains your vigour!
You feel as though you will be slow longer.
The wraith hits you but does no damage.
Aiming: Sandblast (safe; 1% risk of failure)
Press: ? - help, Q - select action, (/) - cycle Shift-Dir - straight line, f/p - wraith
Aim: a wraith (lightly damaged, 83% to hit)
The blast of sand hits the wraith!
The wraith is moderately damaged.
The wraith misses you. The wraith closely misses you.
Aiming: Sandblast (safe; 1% risk of failure)
Press: ? - help, Q - select action, (/) - cycle Shift-Dir - straight line, f/p - wraith
Aim: a wraith (moderately damaged, 83% to hit)
The blast of sand hits the wraith but does no damage.
The wraith is moderately damaged.
The wraith barely misses you. The wraith misses you.
Aiming: Sandblast (safe; 1% risk of failure)
Press: ? - help, Q - select action, (/) - cycle Shift-Dir - straight line, f/p - wraith
Aim: a wraith (moderately damaged, 83% to hit)
The blast of sand hits the wraith.
The wraith is heavily damaged.
The wraith misses you. The wraith hits you!
* * * LOW HITPOINT WARNING * * *
Aiming: Sandblast (safe; 1% risk of failure)
Press: ? - help, Q - select action, (/) - cycle Shift-Dir - straight line, f/p - wraith
Aim: a wraith (heavily damaged, 83% to hit)
The blast of sand hits the wraith.
The wraith is heavily damaged.
The wraith hits you!
You die...

## .. ..##
..##### ..##
.##...##...## .
##.....##...# ..
#.?.?...W...+
...##..!?.##@..#
#...##...##...##
. #...#####...##
... #.........##
....#####'#####..
.................
.................
########'''######
####...#


You could see a wraith.

Vanquished Creatures
  A black bear (D:3)
  A phantom (D:4)
  3 scorpions
  A mummy (Ossuary)
  4 adders
  2 worms
  3 orcs
  4 endoplasms
  3 giant cockroaches
  9 goblins
  10 hobgoblins
  4 jackals (D:2)
  3 quokkas
  11 ball pythons
  4 bats
  A frilled lizard (D:1)
  3 gnoll skeletons (Ossuary)
  6 kobolds
  2 kobold skeletons (Ossuary)
  4 orc skeletons (Ossuary)
  8 rats
87 creatures vanquished.

Notes
Turn   | Place    | Note
-------+----------+-------------------------------------------
     0 | D:1      | dracfodder the Demigod Earth Elementalist began the quest
                  | for the Orb.
     0 | D:1      | Reached XP level 1. HP: 14/14 MP: 5/5
   391 | D:1      | Reached XP level 2. HP: 20/20 MP: 0/7
  1130 | D:2      | Learned a level 2 spell: Scorch
  1224 | D:2      | Reached XP level 3. HP: 16/26 MP: 0/9
  1720 | D:2      | Found Ganunn's Assorted Antiques.
  1825 | D:2      | Learned a level 3 spell: Stone Arrow
  2499 | D:3      | Reached skill level 1 in Ranged Weapons
  2536 | D:3      | Noticed a scorpion
  2543 | D:3      | Killed a scorpion
  2544 | D:3      | Reached XP level 4. HP: 14/34 MP: 4/11
  2974 | D:3      | Reached XP level 5. HP: 39/39 MP: 7/12
  3125 | D:3      | Noticed a black bear
  3131 | D:3      | Killed a black bear
  3298 | D:3      | Reached skill level 1 in Fighting
  3324 | D:4      | Reached XP level 6. HP: 47/47 MP: 6/14
  3329 | D:4      | Learned a level 4 spell: Petrify
  3672 | D:4      | Found a sand-covered staircase.
  3698 | Ossuary  | Entered an ossuary
  3698 | Ossuary  | Noticed a wraith
  3698 | Ossuary  | Noticed a wraith
  3698 | Ossuary  | Noticed a wraith
  3946 | Ossuary  | Noticed a wraith
  3962 | Ossuary  | Slain by a wraith

Illustrated notes

Levels and vault maps discovered:
D:1:      heliophobic_arrival_henge, layout_basic
D:2:      layout_basic, serial_shops, shop, nicolae_ecumenical_oubliette,
          basic_altar
D:3:      layout_basic, minmay_overflow_temple_star_hex
D:4:      layout_cave_pools, gammafunk_temple_overflow_wave,
          nicolae_ossuary_entry_monument
Ossuary:  ossuary_due_mausoleum

Skill      XL: |  1  2  3  4  5  6 |
---------------+-------------------+-----
Stealth        | 2 |  2.3
Earth Magic    | 3 4 |  4.3
Spellcasting   | 2 3 4 |  4.0
Ranged Weapons | 1 2 |  2.6
Fighting       | 1 |  1.2
Dodging        | |  1.8
Transmutations | |  0.9
Fire Magic     | |  0.8

Action                     |  1- 3 |  4- 6 || total
---------------------------+-------+-------++-------
   Fire: Sling             |    45 |    44 ||    89
   Cast: Sandblast         |    60 |    37 ||    97
         Scorch            |     1 |     7 ||     8
         Stone Arrow       |       |    12 ||    12
    Use: Scroll            |     6 |     1 ||     7
 Armour: Robe              |     3 |     5 ||     8
  Dodge: Dodged            |    14 |    16 ||    30

Table legend: (Time is in decaauts)
 A = Elapsed time spent in this place.
 B = Non-inter-level travel time spent in this place.
 C = Inter-level travel time spent in this place.
 D = Time resting spent in this place.
 E = Time spent auto-exploring this place.
 F = Levels seen in this place.
 G = Mean time per level.
                   A        B        C        D        E       F      G
               +--------+--------+--------+--------+--------+-----+--------+
         Total |   4044 |   3926 |    118 |    614 |   2758 |   5 |  808.8 |
       Dungeon |   3764 |   3646 |    118 |    463 |   2703 |   4 |  941.0 |
       Ossuary |    279 |    279 |      0 |    151 |     55 |   1 |  279.0 |
               +--------+--------+--------+--------+--------+-----+--------+

Top non-repeatable levels by time:
     D:2: 1228 daAuts
     D:3: 1159 daAuts
     D:1: 977 daAuts
     D:4: 399 daAuts
 Ossuary: 279 daAuts
